 Dungeon Crawl Stone Soup version 0.17.1-3-g152610e (webtiles) character file.

110 Romlok the Sneak (level 4, 0/38 HPs)
             Began as a Ghoul Enchanter on Apr 12, 2016.
             Slain by an orc priest (1 damage)
             ... on level 3 of the Dungeon.
             The game lasted 00:20:03 (1816 turns).

Romlok the Sneak (Ghoul Enchanter)                  Turns: 1816, Time: 00:20:03

Health: 0/38       AC:  3    Str: 11    XL:     4   Next: 91%
Magic:  5/5        EV: 12    Int: 10    God:
Gold:   47         SH:  0    Dex: 10    Spells: 1 memorised, 5 levels left

rFire  . . .     SeeInvis +     a - +1 dagger
rCold  + . .     Clarity  .     b - +1 robe
rNeg   + + +     SustAt   .     (no shield)
rPois  ∞         Gourm    .     (no helmet)
rElec  .         Spirit   .     (no cloak)
rCorr  .         Warding  .     (no gloves)
rMut   .         Stasis   .     (no boots)
MR     .....                    (no amulet)
Stlth  ++........               (no ring)
                                f - ring of see invisible

@: rotting, not resistant to hostile enchantments, unstealthy
A: rotting body, claws 1, carnivore 3, cold resistance 1, negative energy
resistance 3, slow regeneration 1, torment resistance, unbreathing
a: no special abilities


You were on level 3 of the Dungeon.
You were not hungry.

You visited 1 branch of the dungeon, and saw 3 of its levels.

You collected 47 gold pieces.

Inventory:

Hand Weapons
 a - a +1 dagger (weapon)
Missiles
 i - 8 javelins (quivered)
Armour
 b - a +1 robe (worn)
Jewellery
 f - a ring of see invisible (left claw)
Scrolls
 e - 2 scrolls of recharging
 h - 4 scrolls of identify
Books
 c - a book of Maledictions

   Spells                             Type                      Level
   a - Corona                         Hexes                        1
   b - Ensorcelled Hibernation        Hexes/Ice                    2
   c - Confuse                        Hexes                        3
   d - Tukima's Dance                 Hexes                        3
   e - Dazzling Spray                 Conjuration/Hexes            3
Comestibles
 d - a meat ration
 g - 11 chunks of flesh
 k - a slice of pizza


   Skills:
 * Level 3.2 Fighting
 + Level 1.8 Short Blades
 + Level 2.8 Dodging
 - Level 3.2 Stealth
 - Level 1.7 Spellcasting
 - Level 2.4 Hexes


You had 5 spell levels left.
You knew the following spells:

 Your Spells              Type           Power        Failure   Level  Hunger
a - Corona                Hex            #......      14%         1    ##.....


Dungeon Overview and Level Annotations

Branches:
Dungeon (3/15)

Altars:
Ashenzari
Sif Muna

Annotations:
D:2 Terence


Innate Abilities, Weirdness & Mutations

Your body is rotting away.
You thrive on raw meat.
You are immune to poison.
You have sharp fingernails.
You are carnivorous and can eat meat at any time.
Your flesh is cold resistant.
You are immune to negative energy.
You regenerate slowly when monsters are visible.
You are immune to unholy pain and torment.
You can survive without breathing.


Message History

You aren't carrying any potions.
You hit the orc priest but do no damage.
The orc priest is heavily wounded.
The orc priest miscasts a cantrip.
You hit the orc priest but do no damage.
The orc priest is heavily wounded.
The orc priest barely misses you.
A jackal comes into view.
The jackal barks!
You hit the orc priest but do no damage.
The orc priest is heavily wounded.
The orc priest barely misses you.
You barely miss the orc priest.
The orc priest is heavily wounded.
The orc priest hits you.
* * * LOW HITPOINT WARNING * * *
You hit the orc priest but do no damage.
The orc priest is heavily wounded.
The orc priest hits you.
You die...

# ..
...#+##########
..........<)..+
#......h...@###
#.........o.#
#...........#
#...........#
#...........#
...........!.......
...)...........w...
..................)
...................


You could see an orc priest and a jackal.

Vanquished Creatures
  Ijyb (D:3)
  3 adders (D:2)
  A gnoll (D:1)
  2 worms
  An orc (D:3)
  8 bats
  3 giant cockroaches
  3 goblins (D:1)
  5 hobgoblins
  6 kobolds
  2 giant geckos
  A giant newt (D:1)
  3 rats
39 creatures vanquished.

Notes
Turn   | Place    | Note
--------------------------------------------------------------
     0 | D:1      | Romlok the Ghoul Enchanter began the quest for the Orb.
     0 | D:1      | Reached XP level 1. HP: 14/14 MP: 2/2
    92 | D:1      | Reached skill level 1 in Fighting
   138 | D:1      | Reached XP level 2. HP: 18/23 MP: 3/3
   884 | D:1      | Reached XP level 3. HP: 25/30 MP: 2/4
  1062 | D:2      | Reached skill level 1 in Short Blades
  1127 | D:2      | Noticed Terence
  1331 | D:2      | Found a deep blue altar of Sif Muna.
  1381 | D:2      | Reached XP level 4. HP: 19/37 MP: 2/5
  1507 | D:2      | Found a shattered altar of Ashenzari.
  1757 | D:3      | Noticed Ijyb
  1765 | D:3      | Killed Ijyb
  1815 | D:3      | HP: 1/38 [orc priest (3)]
  1816 | D:3      | Slain by an orc priest

Action                   |  1- 3 |  4- 6 || total
-------------------------+-------+-------++-------
Melee: Dagger            |   106 |    51 ||   157
Throw: Javelin           |       |     2 ||     2
 Cast: Corona            |     6 |     7 ||    13
  Use: Potion            |     1 |     1 ||     2
       Scroll            |       |     1 ||     1
 Stab: Sleeping          |     5 |     1 ||     6
  Eat: Chunk             |    10 |     5 ||    15
